 Dungeon Crawl Stone Soup version 0.20.0-8-g6b59dc7 (webtiles) character file.

100 Chiseanne the Ducker (level 4, -2/26 HPs)
             Began as a Deep Elf Arcane Marksman on June 2, 2017.
             Was an Initiate of Gozag.
             Slain by a centaur (8 damage)
             ... on level 4 of the Dungeon.
             The game lasted 00:07:49 (2908 turns).

Chiseanne the Ducker (Deep Elf Arcane Marksman)     Turns: 2908, Time: 00:07:50

Health: -2/26      AC: 10    Str:  4 (7)  XL:     4   Next: 46%
Magic:  9/9        EV: 15    Int: 17 (18) God:    Gozag
Gold:   243        SH:  0    Dex: 21 (23) Spells: 6/7 levels left

rFire    . . .     SeeInvis .   a - +0 short sword
rCold    . . .     Gourm    .   (no shield)
rNeg     . . .     Faith    .   s - +1 ring mail
rPois    .         Spirit   .   (no helmet)
rElec    .         Reflect  .   (no cloak)
rCorr    .         Harm     .   r - +1 pair of gloves
MR       .....                  (no boots)
Stlth    ++........             (no amulet)
Regen    0.1/turn               (no ring)
MPRegen  0.2/turn               (no ring)

@: agile, gold aura, very slightly contaminated, invisible
A: hooves 1, yellow scales 1, agile 1
a: Potion Petition, Call Merchant, Bribe Branch, Renounce Religion


You were on level 4 of the Dungeon.
You worshipped Gozag.
Gozag was aware of your devotion.
You were not hungry.

You visited 1 branch of the dungeon, and saw 4 of its levels.

You collected 264 gold pieces.
You paid 21 gold pieces to Gozag.

Inventory:

Hand Weapons
 a - a +0 short sword (weapon)
 w - a +0 hand crossbow
Missiles
 d - 2 bolts
 e - 8 needles of frenzy
 f - 17 stones (quivered)
 h - 36 sling bullets
 m - 12 poisoned needles
 q - 18 arrows
Armour
 r - a +1 pair of gloves (worn)
 s - a +1 ring mail (worn)
Jewellery
 i - an uncursed ring of positive energy {unknown}
Wands
 j - a wand of random effects (19/48)
Scrolls
 b - a scroll of teleportation
Potions
 k - 2 potions of mutation
Books
 c - a book of Debilitation

   Spells                             Type                      Level
   a - Corona                         Hexes                        1
   b - Slow                           Hexes                        2
   c - Inner Flame                    Hexes/Fire                   3
   d - Portal Projectile              Hexes/Translocation          3
   e - Cause Fear                     Hexes                        4
   f - Leda's Liquefaction            Hexes/Earth                  4
Comestibles
 g - a bread ration
 n - a meat ration


   Skills:
 * Level 2.3 Fighting
 - Level 1.7 Crossbows
 * Level 0.2 Armour
 * Level 4.1 Dodging
 * Level 2.4 Spellcasting
 - Level 4.0 Hexes


You had 6 spell levels left.
You knew the following spells:

 Your Spells              Type           Power        Failure   Level  Hunger
a - Corona                Hex            ###....      22%         1    #......


Dungeon Overview and Level Annotations

Branches:
Dungeon (4/15)
 Temple: D:4-7

Altars:
Fedhas
Gozag

Annotations:
D:2 1 runed door
D:3 Terence


Innate Abilities, Weirdness & Mutations

You have large cloven feet.
You are partially covered in yellow scales. (AC +2)
You are agile. (Dex +2)


Message History

[a] - 0 gold - invisibility and agility [b] - 0 gold - haste and agility [c] - 0 gold - might and agility Purchase which effect?
You fade into invisibility!
You feel agile all of a sudden.
The centaur hits you but does no damage.
The centaur hits you.
* * * LOW HITPOINT WARNING * * *
You are very lightly contaminated with residual magic.
You closely miss the centaur. You kick the centaur, but do no damage.
The centaur is lightly wounded.
The centaur misses you.
You hit the centaur. You kick the centaur, but do no damage.
The centaur is moderately wounded.
The centaur closely misses you. The centaur barely misses you.
You hit the centaur.
The centaur is moderately wounded.
The centaur misses you. The centaur hits you!
You die...
Your body crumbles into a pile of gold.
P_PP.# . # (.PP..# #.###. .#. (PPP...

#..... ...#. .#...
#.##.# ..#. $...# #.##.#
#.. #.#.# ### #.##.# #(#
#.#.# #.+
#.##.###c#####.#(# #.#
#.##..(@......#..###.#
#........###.###.##..###
########....## ##...<..#
#####.###.#######
##.#..# ##.#.#######
###........ #########


You could see a centaur.

Vanquished Creatures
  2 adders (D:2)
  An ooze (D:1)
  A worm (D:2)
  3 dart slugs
  A leopard gecko (D:4)
  5 orcs
  A ball python (D:1)
  3 giant cockroaches (D:1)
  5 goblins
  11 hobgoblins
  2 jackals (D:1)
  8 bats
  5 frilled lizards (D:1)
  4 kobolds
  9 rats
61 creatures vanquished.

Notes
Turn   | Place    | Note
-------+----------+-------------------------------------------
     0 | D:1      | Chiseanne the Deep Elf Arcane Marksman began the quest for the Orb.
     0 | D:1      | Reached XP level 1. HP: 11/11 MP: 5/5
    36 | D:1      | Reached skill level 1 in Fighting
    56 | D:1      | Reached XP level 2. HP: 16/16 MP: 4/6
   532 | D:1      | Reached XP level 3. HP: 21/21 MP: 7/7
  1124 | D:2      | Found an opulent altar of Gozag.
  1139 | D:2      | Became a worshipper of Gozag Ym Sagoz the Greedy
  1817 | D:2      | Reached XP level 4. HP: 26/26 MP: 7/9
  2057 | D:2      | Found a runed door.
  2433 | D:2      | Gained mutation: You are agile. (Dex +2) [potion of mutation]
  2433 | D:2      | Gained mutation: You are partially covered in yellow scales. (AC +2) [potion of mutation]
  2433 | D:2      | Gained mutation: You have large cloven feet. [potion of mutation]
  2569 | D:3      | Noticed Terence
  2651 | D:4      | Found a blossoming altar of Fedhas.
  2662 | D:4      | Noticed a centaur
  2908 | D:4      | Slain by a centaur

Skill      XL: |  1  2  3  4 |
---------------+-------------+-----
Fighting       | 1 2 |  2.3
Dodging        | 3 4 |  4.1
Spellcasting   | 2 |  2.4
Crossbows      | |  1.7
Armour         | |  0.2
Hexes          | |  4.0

Action                   |  1- 3 |  4- 6 || total
-------------------------+-------+-------++-------
Melee: Dagger            |    22 |     5 ||    27
       Short sword       |       |    49 ||    49
       Kick              |       |    13 ||    13
 Fire: Hand crossbow     |    92 |    34 ||   126
Throw: Stone             |       |     2 ||     2
 Cast: Corona            |    36 |     6 ||    42
Invok: Potion Petition   |       |     1 ||     1
  Use: Scroll            |     3 |     3 ||     6
       Potion            |       |     3 ||     3
 Stab: Distracted        |       |     1 ||     1
  Eat: Bread ration      |     1 |       ||     1
       Chunk             |     1 |       ||     1
       Fruit             |       |     3 ||     3
Armor: Robe              |     6 |       ||     6
       Ring mail         |       |    30 ||    30
Dodge: Dodged            |    41 |    35 ||    76
